 Dungeon Crawl Stone Soup version 0.30.1-4-g462c640d31 (webtiles) character file.

Game seed: 1303202274320981636

576 croobank the Vexing (level 7, -3/59 HPs)
             Began as an Armataur Hexslinger on Aug 25, 2023.
             Was an Initiate of Gozag.
             Slain by an orc
             ... wielding a +0 short sword
              (5 damage)
             ... on level 4 of the Dungeon.
             The game lasted 00:10:04 (3181 turns).

croobank the Vexing (Armataur Hexslinger)           Turns: 3181, Time: 00:10:04

Health: -3/59      AC:  4    Str: 16    XL:     7   Next: 12%
Magic:  11/11      EV: 10    Int: 15    God:    Gozag
Gold:   114        SH:  0    Dex: 10    Spells: 6/11 levels left

rFire   + . .        b - +6 sling
rCold   + . .        (no shield)
rNeg    . . .        c - +0 robe
rPois   +            (no helmet)
rElec   +            (no cloak)
rCorr   +            (no gloves)
SInv    .            (no barding)
Will    .....        (no amulet)
Stlth   +            (no ring)
HPRegen 0.29/turn    (no ring)
MPRegen 0.12/turn

%: roll
@: confused, lethally poisoned (-3 -> -5), resistant, gold aura, attractive
A: large, rugged brown scales 3, deformed body, armoured tail, roll, long
tongue, awkward tongue
a: Renounce Religion, Potion Petition, Call Merchant, Bribe Branch


You were on level 4 of the Dungeon.
You worshipped Gozag.
Gozag was aware of your devotion.
You visited 2 branches of the dungeon, and saw 6 of its levels.

You collected 343 gold pieces.
You spent 126 gold pieces at shops.
You paid 103 gold pieces to Gozag.

Inventory:

Hand Weapons
 a - a +0 whip
 b - a +6 sling (weapon)
 f - a +0 spear
 o - a +2 whip of distortion
 t - a +0 falchion
Missiles
 r - 5 poisoned darts
 s - 2 boomerangs
Armour
 c - a +0 robe (worn)
Magical Staves
 j - a staff of fire
Jewellery
 p - a ring of protection from cold
 v - a ring of protection from cold
Scrolls
 d - a scroll of poison
 e - a scroll of vulnerability
 i - a scroll of amnesia
 k - 4 scrolls of teleportation
Potions
 g - 2 potions of magic
 l - a potion of brilliance
 x - a potion of mutation {unknown}


   Skills:
 + Level 2.8 Fighting
 + Level 2.7 Ranged Weapons
 + Level 2.6 Dodging
 + Level 2.6 Spellcasting
 + Level 2.2 Conjurations
 + Level 3.9 Hexes


You had 6 spell levels left.
You knew the following spells:

 Your Spells              Type           Power      Damage    Failure   Level
a - Slow                  Hex            52%        N/A       4%          1
b - Shock                 Conj/Air       20%        1d4       13%         1
c - Inner Flame           Hex/Fire       7%         N/A       28%         3

Your spell library contained the following spells:

 Spells                   Type           Power      Damage    Failure   Level
 Dazzling Flash           Conj/Hex       22%        N/A       17%         3
 Apportation              Tloc           4%         N/A       21%         1
 Portal Projectile        Hex/Tloc       14%        N/A       28%         3
 Cause Fear               Hex            6%         N/A       38%         4
 Swiftness                Air            2%         N/A       52%         3
 Airstrike                Air            1%         2d(1-17)  90%         4
 Silence                  Hex/Air        3%         N/A       95%         5
 Agony                    Necr           2%         N/A       99%         5
 Alistair's Intoxication  Tmut/Pois      1%         N/A       99%         5


Dungeon Overview and Level Annotations

Branches:
Dungeon (5/15)             Temple (1/1) D:5

Altars:
Ashenzari
Gozag
Makhleb
Yredelemnul

Shops:
D:2 ?   D:4 [


Innate Abilities, Weirdness & Mutations

You are completely covered in rugged brown scales. (AC +3, +7% HP)
Armour fits poorly on your strangely shaped body.
You have a long armoured tail.
You roll when moving toward enemies. (Rampage)
Your long tongue fully drains potion bottles. (2x potion effects)
Your tongue gives you trouble enunciating. (1.5x scroll delay)


Message History

Press: ? - help, Q - select action, (/) - cycle Dir - look around, f - activate You shoot a sling bullet.
The sling bullet barely misses the orc wizard.
The orc barely misses you. Something hits you but does no damage.
The orc hits you with a +0 short sword. The orc wizard closely misses you.
The adder bites you. The orc closely misses you.
The orc wizard casts a spell at you. You resist with some effort.
Something hits you but does no damage. The orc completely misses you.
Non-targeted confused fire: b) +6 sling
Press: ? - help, Q - select action, (/) - cycle Dir - look around, f - activate You shoot a sling bullet.
The sling bullet hits the adder.
The adder is heavily wounded.
The adder barely misses you. The orc hits you with a +0 short sword.
The adder bites you but does no damage. The orc closely misses you.
Something hits you.
The orc wizard hits you with a +0 dagger.
Non-targeted confused fire: b) +6 sling
Press: ? - help, Q - select action, (/) - cycle Dir - look around, f - activate You shoot a sling bullet.
The adder bites you.
You are poisoned.
The adder poisons you! The orc hits you with a +0 short sword.
* * * LOW HITPOINT WARNING * * *
Something hits you.
* * * LOW HITPOINT WARNING * * *
The orc wizard hits you with a +0 dagger.
* * * LOW HITPOINT WARNING * * *
The orc misses you. The adder bites you.
* * * LOW HITPOINT WARNING * * *
It was a potion of attraction.
You feel attractive to monsters.
You slurp down every last drop of the potion of attraction!
You feel sick. The orc barely misses you. Something hits you.
* * * LOW HITPOINT WARNING * * *
The orc wizard hits you with a +0 dagger.
* * * LOW HITPOINT WARNING * * *
The orc hits you with a +0 short sword.
You die...
Your body crumbles into a pile of gold.

*,**,* #######.#*.#
############...?...##.#
#..,,.....#.<....#....#***
#..,,,#...#............,,*
#..,,,,#...............,,*
#.#######...........!..,,*
##......#......ooS......,,*
.#.....#........@o......,,*
.#.............>{$......,,*
.#..........#####?......,,* #
.#.#.....[.##*,,,...####*** #
.#.......###**,**.###**** #
.#.#####.#,,,,,**..,,,,,* #
...#,,,#.#,******..,,,,,*#####
# ...#.*,#.#,* *...,,,,*#...#
# .#...#,...,* *...,,,,*#.#.#
#


You could see an orc wizard, an adder and 2 orcs.

Vanquished Creatures
  Sigmund (D:4)
  2 black bears (D:4)
  An ogre (D:4)
  A hound (D:3)
  A jelly (D:5)
  2 adders
  A worm (D:4)
  2 dart slugs
  4 orcs
  4 endoplasms
  A giant cockroach (D:3)
  5 goblins
  5 hobgoblins
  3 jackals (D:5)
  7 kobolds
  2 quokkas
  7 ball pythons
  A frilled lizard (D:2)
  7 rats
57 creatures vanquished.

Notes
Turn   | Place    | Note
-------+----------+-------------------------------------------
     0 | D:1      | croobank the Armataur Hexslinger began the quest for the
                  | Orb.
     0 | D:1      | Reached XP level 1. HP: 16/16 MP: 2/2
    75 | D:1      | Reached skill level 1 in Fighting
   207 | D:1      | Reached XP level 2. HP: 24/24 MP: 3/3
   236 | D:1      | Learned a level 1 spell: Shock
   706 | D:2      | Found a burning altar of Makhleb.
   965 | D:2      | Found Tippy's Magic Scroll Boutique.
   968 | D:2      | Bought a scroll of identify for 22 gold pieces
   968 | D:2      | Bought a scroll of identify for 22 gold pieces
   968 | D:2      | Bought a scroll of enchant weapon for 82 gold pieces
  1292 | D:2      | Reached XP level 3. HP: 29/29 MP: 4/4
  1362 | D:3      | Reached skill level 3 in Hexes
  1643 | D:3      | Reached XP level 4. HP: 20/37 MP: 6/6
  1730 | D:3      | Learned a level 3 spell: Inner Flame
  2386 | D:4      | Noticed an ogre
  2391 | D:4      | Killed an ogre
  2392 | D:4      | Reached skill level 1 in Conjurations
  2392 | D:4      | Reached XP level 5. HP: 43/43 MP: 7/7
  2399 | D:4      | Noticed Sigmund
  2409 | D:4      | Killed Sigmund
  2410 | D:4      | Reached XP level 6. HP: 46/53 MP: 7/9
  2411 | D:4      | You fall into a shaft and drop 1 floor!
  2411 | D:5      | Entered Level 5 of the Dungeon
  2411 | D:5      | Found a staircase to the Ecumenical Temple.
  2440 | Temple   | Entered the Ecumenical Temple
  2449 | Temple   | Became a worshipper of Gozag Ym Sagoz the Greedy
  2772 | D:4      | Found Wemm's Armour Shop.
  2999 | D:4      | Reached XP level 7. HP: 45/59 MP: 9/11
  3181 | D:4      | HP: 2/59 [orc wizard/+0 dagger (1)]
  3181 | D:4      | Slain by an orc

Illustrated notes

Levels and vault maps discovered:
D:1:      dpeg_arrival_arbitrary_b, layout_rooms
D:2:      minmay_angry_zag, layout_loops_cross, basic_altar, serial_shops,
          nicolae_shop_behind_doors
D:3:      layout_basic
D:4:      layout_basic, trog_ov_bears_minmay, serial_shops,
          nicolae_shop_advertising_works [nicolae_subvault_shop_adworks],
          kennysheep_boxes, uniq_sigmund
D:5:      layout_loops_corners, gammafunk_temple_overflow_elements,
          minmay_temple_entry_statues_fountains
Temple:   eino_temple_scatter_basement

Skill      XL: |  1  2  3  4  5  6 |
---------------+-------------------+-----
Fighting       | 1 2 |  2.8
Hexes          | 3 |  3.9
Ranged Weapons | 2 |  2.7
Dodging        | 2 |  2.6
Conjurations   | 1 2 |  2.2
Spellcasting   | 2 |  2.6

Action                     |  1- 3 |  4- 6 |  7- 9 || total
---------------------------+-------+-------+-------++-------
  Melee: Whip              |    45 |       |       ||    45
         Tailslap          |     6 |       |       ||     6
   Fire: Sling             |    74 |    82 |    17 ||   173
   Cast: Slow              |     6 |       |       ||     6
    Use: Scroll            |    11 |     5 |       ||    16
         Potion            |       |     4 |     3 ||     7
   Stab: Sleeping          |     3 |       |       ||     3
 Armour: Robe              |    18 |    12 |    20 ||    50
         Skin              |       |    36 |       ||    36
  Dodge: Dodged            |    52 |    16 |    35 ||   103
